[Event "Titled Tuesday Blitz August 15 Early 2023"]
[White "Aaditya Dhingra"]
[Black "Mammadzada, Gunay"]
[WhiteFideId "25678191"]
[BlackFideId "13403729"]
[WhiteElo "2666"]
[BlackElo "2516"]
[Result "0-1"]
[Round "6"]
[TimeControl "180+1"]
[Date "2023.08.15"]
[WhiteClock "0:00:36"]
[BlackClock "0:01:22"]
[Board "65"]

1. d4 d5 2. c4 c6 3. Nc3 Nf6 4. e3 g6 5. Nf3 Bg7 6. Be2 O-O 7. O-O Be6 8. b3 Ne4 9. Nxe4 dxe4 10. Ng5 Bf5 11. g4 e5 12. Nxf7 Rxf7 13. gxf5 gxf5 14. dxe5 Rd7 15. Qc2 Bxe5 16. Bb2 Rd2 17. Qxd2 Qxd2 18. Bxe5 Qxe2 19. Rad1 Na6 20. Rd7 Nc5 21. Rg7+ Kf8 22. Rxh7 Nd3 23. Bd4 c5 24. Bf6 a5 25. h4 Ra6 26. Rh6 Ne1 0-1


[Site "https://www.chess.com"]

[Event "Titled Tuesday Blitz August 15 Early 2023"]
[White "Tikhonov, Viacheslav"]
[Black "Parkhov, Yair"]
[WhiteFideId "44196407"]
[BlackFideId "2813408"]
[WhiteElo "2516"]
[BlackElo "2655"]
[Result "0-1"]
[Round "6"]
[TimeControl "180+1"]
[Date "2023.08.15"]
[WhiteClock "0:00:25"]
[BlackClock "0:00:09"]
[Board "66"]

1. d4 Nf6 2. c4 e6 3. Nf3 d5 4. g3 Be7 5. Bg2 O-O 6. O-O dxc4 7. Qc2 b5 8. a4 b4 9. Nfd2 Nd5 10. Nxc4 c5 11. dxc5 Bxc5 12. Ne3 Na6 13. Rd1 Bb7 14. Nxd5 exd5 15. Qd3 Qf6 16. Rf1 Nc7 17. Nd2 Ba6 18. Qf3 Qxf3 19. Bxf3 Rad8 20. Nb3 Ne6 21. Bg5 Nxg5 22. Nxc5 Nxf3+ 23. exf3 Bxf1 24. Kxf1 Rc8 25. Na6 Rc2 26. Nxb4 Rxb2 27. Nxd5 Rd8 28. Nc3 Rdd2 29. Ne4 Rdc2 30. Rd1 f5 31. Ng5 Rxf2+ 32. Kg1 Rg2+ 33. Kf1 Rbf2+ 34. Ke1 Rg1+ 35. Kxf2 Rxd1 36. Ne6 Rd2+ 37. Ke3 Rxh2 38. Nd4 Ra2 39. Nxf5 Ra3+ 40. Kf2 Rxa4 41. g4 Ra5 42. Ne7+ Kf7 43. Nc6 Ra6 44. Ne5+ Ke6 45. Nd3 Rb6 46. Ke2 Kd5 47. Nf4+ Kd4 48. Kf2 a5 49. Ne2+ Kd3 50. Nf4+ Kc2 51. Nd5 Rb2 52. Ke3 a4 53. Kd4 a3 54. Ne3+ Kb3 55. Nf5 a2 56. Nxg7 a1=Q 57. Nf5 Qd1+ 58. Ke4 Re2+ 59. Kf4 Qc1+ 60. Kg3 Qe1+ 61. Kf4 Qb4+ 62. Kg3 Qb8+ 63. Kh4 Rh2+ 64. Kg5 h6+ 65. Kg6 Qg8+ 66. Kf6 Kc4 67. Ke5 Qe8+ 68. Kf6 Qd8+ 69. Ke6 Re2+ 70. Kf7 Kd5 71. Kg6 Re6+ 72. Kh7 Qg5 73. f4 Qxg4 74. Ng7 Re7 0-1


[Site "https://www.chess.com"]

[Event "Titled Tuesday Blitz August 15 Early 2023"]
[White "Kleiman, Jake"]
[Black "Lehtosaari, Mauri"]
[WhiteFideId "2020041"]
[BlackFideId "501999"]
[WhiteElo "2655"]
[BlackElo "2515"]
[Result "1-0"]
[Round "6"]
[TimeControl "180+1"]
[Date "2023.08.15"]
[WhiteClock "0:00:28"]
[BlackClock "0:00:00"]
[Board "67"]

1. e4 d5 2. exd5 Qxd5 3. Nc3 Qd8 4. d4 Nf6 5. Bc4 Bg4 6. f3 Bf5 7. g4 Bg6 8. h4 h6 9. Be3 e6 10. Nge2 Bd6 11. Qd2 c6 12. O-O-O Nbd7 13. Bf4 Qc7 14. Bxd6 Qxd6 15. Nf4 Bh7 16. g5 Nd5 17. Bxd5 cxd5 18. Rhg1 Bf5 19. Nh5 g6 20. Ng7+ Ke7 21. Nxf5+ gxf5 22. gxh6 a6 23. Rg7 f4 24. Qg2 Nf6 25. Qg5 Raf8 26. Re1 b5 27. Ne2 1-0


[Site "https://www.chess.com"]

[Event "Titled Tuesday Blitz August 15 Early 2023"]
[White "ChainedDowntohell"]
[Black "Berezin, Viktor"]
[BlackFideId "14107872"]
[WhiteElo "2644"]
[BlackElo "2509"]
[Result "1/2-1/2"]
[Round "6"]
[TimeControl "180+1"]
[Date "2023.08.15"]
[WhiteClock "0:00:03"]
[BlackClock "0:00:19"]
[Board "68"]

1. d4 Nf6 2. Nf3 g6 3. Bg5 Bg7 4. c3 d6 5. Nbd2 c5 6. e3 O-O 7. Be2 Nc6 8. O-O a6 9. a4 Rb8 10. h3 b5 11. axb5 axb5 12. dxc5 dxc5 13. Bxf6 exf6 14. Qb3 Be6 15. Qa3 b4 16. Qa6 Rb6 17. Qa4 f5 18. Rfc1 bxc3 19. bxc3 Qc7 20. Bc4 Bd7 21. Qa3 Ne5 22. Nxe5 Bxe5 23. Bd5 Bc6 24. Qxc5 Bxd5 25. Qxd5 Rd8 26. Ra8 Bh2+ 27. Kh1 Rd6 28. Rxd8+ Qxd8 29. Qf3 Rxd2 30. Kxh2 Qd6+ 31. Qg3 Qa3 32. Qb8+ Kg7 33. Qe5+ Kh6 34. Rb1 Rxf2 35. Rb4 Qa2 36. Rh4+ Kg5 37. Rg4+ Kh6 38. Rh4+ Kg5 39. Rg4+ Kh6 40. Rh4+ 1/2-1/2


[Site "https://www.chess.com"]

[Event "Titled Tuesday Blitz August 15 Early 2023"]
[White "Shuvalova, Polina"]
[Black "feuervogel1000000"]
[WhiteFideId "24171760"]
[WhiteElo "2643"]
[BlackElo "2497"]
[Result "0-1"]
[Round "6"]
[TimeControl "180+1"]
[Date "2023.08.15"]
[WhiteClock "0:00:00"]
[BlackClock "0:01:19"]
[Board "69"]

1. f4 d5 2. Nf3 Nf6 3. g3 c5 4. Bg2 g6 5. O-O Bg7 6. d3 O-O 7. Nbd2 d4 8. e4 dxe3 9. Nc4 Nc6 10. Bxe3 Nd4 11. c3 Nxf3+ 12. Bxf3 Qc7 13. Qe2 Rd8 14. Rad1 Be6 15. Qg2 Rab8 16. Bf2 b5 17. Ne5 Bxa2 18. Nc6 Bb3 19. Rd2 c4 20. d4 e6 21. Ra1 Nd5 22. Nxb8 Qxb8 23. Re2 Qb6 24. h4 a5 25. h5 b4 26. Be1 bxc3 27. bxc3 Nxc3 28. Bxc3 Bxd4+ 29. Kh2 Bxc3 30. Rh1 a4 31. hxg6 hxg6 32. Qh3 Bg7 33. Kg2 c3 34. Be4 Bc4 35. Rf2 Qe3 36. Bf3 Rd2 37. Qh7+ Kf8 38. Rxd2 cxd2 39. Qh4 Qd4 40. Rb1 Bb3 41. Bd1 Bf6 42. Qh6+ Ke7 43. Bf3 Qd3 0-1


[Site "https://www.chess.com"]

[Event "Titled Tuesday Blitz August 15 Early 2023"]
[White "Ankerst, Mihael"]
[Black "Iskusnyh, Sergei"]
[WhiteFideId "14602369"]
[BlackFideId "4120027"]
[WhiteElo "2484"]
[BlackElo "2639"]
[Result "0-1"]
[Round "6"]
[TimeControl "180+1"]
[Date "2023.08.15"]
[WhiteClock "0:00:51"]
[BlackClock "0:00:05"]
[Board "70"]

1. e4 e6 2. d4 d5 3. Nc3 Nf6 4. e5 Nfd7 5. f4 c5 6. Nf3 Nc6 7. Be3 a6 8. Qd2 b5 9. Nd1 Be7 10. c3 b4 11. Nf2 a5 12. Be2 Ba6 13. Nd3 bxc3 14. bxc3 cxd4 15. cxd4 Nb6 16. Qd1 Nc4 17. Bf2 O-O 18. Rb1 Nb4 19. Nc5 Bxc5 20. dxc5 Nxa2 21. Qb3 Nb4 22. O-O Nd2 23. Nxd2 Bxe2 24. Rfe1 Ba6 25. Nf3 Nd3 26. Re3 Nxc5 27. Qa3 Ne4 28. Bh4 Qc7 29. Kh1 Rab8 30. Ra1 Rfc8 31. f5 Bc4 32. f6 g6 33. Qc1 Qc5 34. Bg5 Ba6 35. Qe1 Rb2 36. Qh4 h5 37. g4 Nf2+ 38. Kg1 Nxg4 39. Re1 Rb3 40. Kh1 Rxe3 41. Bxe3 Nxe3 42. Qa4 Nf5 43. Qd7 Qc7 44. Qa4 Qc3 45. Rf1 Bxf1 46. Ng5 Qd3 47. Qd7 Bg2+ 48. Kg1 Rc1+ 49. Kxg2 Rc2+ 50. Kg1 Qd1# 0-1


[Site "https://www.chess.com"]

[Event "Titled Tuesday Blitz August 15 Early 2023"]
[White "Dias, Paulo"]
[Black "Arias, Juan Cruz"]
[WhiteFideId "1900803"]
[BlackFideId "118540"]
[WhiteElo "2483"]
[BlackElo "2635"]
[Result "0-1"]
[Round "6"]
[TimeControl "180+1"]
[Date "2023.08.15"]
[WhiteClock "0:01:30"]
[BlackClock "0:01:46"]
[Board "71"]

1. e4 c6 2. d4 d5 3. e5 Bf5 4. h4 h5 5. Bd3 Bxd3 6. Qxd3 Qa5+ 7. Nd2 Qa6 8. c4 e6 9. Ngf3 Ne7 10. O-O Nf5 11. b3 Be7 12. g3 O-O 13. a4 Rd8 14. Bb2 c5 15. dxc5 Bxc5 16. Kg2 Nc6 17. Qb1 dxc4 18. Nxc4 b5 19. Nd6 Bxd6 20. exd6 Rxd6 21. Qe4 Rad8 22. Rfc1 b4 23. Rc5 Nce7 24. Qxb4 Nd5 25. Qe4 Qb7 26. Rb5 Nde3+ 0-1


[Site "https://www.chess.com"]

[Event "Titled Tuesday Blitz August 15 Early 2023"]
[White "Pandey Srishti"]
[Black "Omorjan, Dejan"]
[WhiteFideId "35093290"]
[BlackFideId "955345"]
[WhiteElo "2482"]
[BlackElo "2633"]
[Result "0-1"]
[Round "6"]
[TimeControl "180+1"]
[Date "2023.08.15"]
[WhiteClock "0:00:19"]
[BlackClock "0:00:11"]
[Board "72"]

1. e4 d6 2. d4 Nf6 3. Nc3 e5 4. Nf3 Nbd7 5. Bc4 Be7 6. O-O O-O 7. h3 c6 8. Bb3 h6 9. Re1 Re8 10. Be3 exd4 11. Nxd4 Nc5 12. Bf4 Bf8 13. e5 dxe5 14. Bxe5 Nfd7 15. Bg3 Rxe1+ 16. Qxe1 Nxb3 17. axb3 Nb6 18. Rd1 Qf6 19. Ne4 Qg6 20. Nf3 Be6 21. Qe2 Qh5 22. Bd6 Qg6 23. Ne5 Qf5 24. Nc5 Bxd6 25. Rxd6 Bd5 26. c4 Re8 27. cxd5 Rxe5 28. Rd8+ Kh7 29. Qf1 Nxd5 30. Nxb7 Nf4 31. Rd1 Qg6 32. Kh2 Rg5 33. g3 Nxh3 34. Kxh3 Rh5+ 35. Kg2 Qe4+ 36. f3 Qc2+ 37. Qf2 Rh2+ 38. Kxh2 Qxf2+ 39. Kh3 Qxf3 0-1


[Site "https://www.chess.com"]

[Event "Titled Tuesday Blitz August 15 Early 2023"]
[White "Shuvalov, Evgenij"]
[Black "Eynullayev, Atilla"]
[WhiteFideId "4187237"]
[BlackFideId "13413570"]
[WhiteElo "2476"]
[BlackElo "2632"]
[Result "0-1"]
[Round "6"]
[TimeControl "180+1"]
[Date "2023.08.15"]
[WhiteClock "0:00:00"]
[BlackClock "0:00:19"]
[Board "73"]

1. d4 Nf6 2. c4 e6 3. Nc3 Bb4 4. e3 O-O 5. a3 Bxc3+ 6. bxc3 c5 7. Ne2 b6 8. Ng3 Nc6 9. e4 Ne8 10. d5 Na5 11. Bd3 Ba6 12. Qe2 f5 13. exf5 exd5 14. cxd5 Bxd3 15. Qxd3 Qh4 16. O-O Qc4 17. Qxc4 Nxc4 18. Rd1 Ned6 19. Ra2 Rae8 20. Kf1 Nxf5 21. Nxf5 Rxf5 22. Re2 Rxe2 23. Kxe2 Kf7 24. a4 Ke7 25. g4 Re5+ 26. Kf1 Re4 27. f3 Re3 28. Re1 Rxe1+ 29. Kxe1 Kd6 30. Ke2 Kxd5 31. Kd3 a6 32. f4 Nd6 33. f5 b5 34. axb5 axb5 35. Bf4 Ne4 36. Be3 d6 37. h4 Ke5 38. c4 b4 39. h5 h6 40. Bc1 Nf6 41. Bb2+ Kf4 42. Bc1+ Kxg4 43. Be3 Kxf5 44. Bg1 Ne4 45. Bh2 b3 0-1


[Site "https://www.chess.com"]

[Event "Titled Tuesday Blitz August 15 Early 2023"]
[White "Sipila, Vilka"]
[Black "Itkis, Boris"]
[WhiteFideId "505455"]
[BlackFideId "1209167"]
[WhiteElo "2630"]
[BlackElo "2472"]
[Result "1-0"]
[Round "6"]
[TimeControl "180+1"]
[Date "2023.08.15"]
[WhiteClock "0:02:23"]
[BlackClock "0:01:57"]
[Board "74"]

1. d4 d5 2. Bf4 Nf6 3. Nf3 c5 4. e3 Nc6 5. Nbd2 Nh5 6. Bg5 h6 7. Bh4 g5 8. Ne5 Nxe5 9. dxe5 Ng7 10. Bg3 Ne6 11. h4 Bg7 12. hxg5 hxg5 13. Rxh8+ Bxh8 14. Qh5 Bg7 15. O-O-O Qc7 16. Nf3 d4 17. Nxg5 Nxg5 18. Qxg5 Bf8 19. Bb5+ 1-0


[Site "https://www.chess.com"]

[Event "Titled Tuesday Blitz August 15 Early 2023"]
[White "Molenda, Marcin"]
[Black "Kuzhilniy, Oleksandr"]
[WhiteFideId "1173065"]
[BlackFideId "34110500"]
[WhiteElo "2468"]
[BlackElo "2627"]
[Result "1-0"]
[Round "6"]
[TimeControl "180+1"]
[Date "2023.08.15"]
[WhiteClock "0:00:53"]
[BlackClock "0:00:16"]
[Board "75"]

1. e4 e6 2. Nf3 b6 3. d4 Bb7 4. Bd3 c5 5. c3 Nf6 6. e5 Ne4 7. Nbd2 Nxd2 8. Bxd2 cxd4 9. cxd4 d6 10. O-O Nd7 11. Re1 Be7 12. exd6 Bxd6 13. Ng5 Qe7 14. Qh5 Nf6 15. Bb5+ Kf8 16. Qh3 h6 17. Bc4 Bd5 18. Bxd5 Nxd5 19. Nxe6+ fxe6 20. Rxe6 Qd8 21. Rae1 Nf6 22. Qf3 Kg8 23. Rxd6 Qxd6 24. Qxa8+ Kh7 25. Qxa7 Qxd4 26. Bc3 Qd6 27. h3 Nd5 28. Qxg7# 1-0


[Site "https://www.chess.com"]

[Event "Titled Tuesday Blitz August 15 Early 2023"]
[White "Bobkov, Vadim"]
[Black "Gamayev, Oleg"]
[WhiteFideId "34110876"]
[BlackFideId "2802813"]
[WhiteElo "2459"]
[BlackElo "2623"]
[Result "1-0"]
[Round "6"]
[TimeControl "180+1"]
[Date "2023.08.15"]
[WhiteClock "0:00:20"]
[BlackClock "0:01:04"]
[Board "76"]

1. d4 d6 2. Nf3 Nf6 3. Nc3 Nbd7 4. e4 e5 5. Bc4 Be7 6. O-O O-O 7. a4 c6 8. h3 exd4 9. Qxd4 Nc5 10. Re1 Be6 11. b4 Bxc4 12. Qxc4 Ncd7 13. Bf4 d5 14. Qb3 dxe4 15. Nxe4 Nxe4 16. Rxe4 Nf6 17. Rd4 Qb6 18. a5 Qb5 19. Rb1 Rad8 20. c4 Qh5 21. Re1 Rfe8 22. Rxd8 Bxd8 23. Rxe8+ Nxe8 24. Qe3 Nf6 25. Qxa7 Qf5 26. Qb8 Qd7 27. Ne5 Qd1+ 28. Kh2 h6 29. a6 g5 30. a7 gxf4 31. a8=Q Kg7 32. Qxd8 Qd4 33. Qh8# 1-0


[Site "https://www.chess.com"]

[Event "Titled Tuesday Blitz August 15 Early 2023"]
[White "Rosenberg, Evan S"]
[Black "Ezat, Mohamed"]
[WhiteFideId "2019299"]
[BlackFideId "10600906"]
[WhiteElo "2459"]
[BlackElo "2621"]
[Result "0-1"]
[Round "6"]
[TimeControl "180+1"]
[Date "2023.08.15"]
[WhiteClock "0:00:31"]
[BlackClock "0:01:37"]
[Board "77"]

1. d4 Nf6 2. Nf3 d5 3. c3 Bf5 4. Qb3 Qc8 5. c4 e6 6. Nc3 c6 7. Bf4 Be7 8. Rc1 O-O 9. h3 Nbd7 10. cxd5 Nxd5 11. Nxd5 exd5 12. e3 a5 13. a3 a4 14. Qd1 Nf6 15. Bd3 Bxd3 16. Qxd3 Ne4 17. O-O f5 18. Ne5 Qe6 19. f3 Nd6 20. Rfe1 Bh4 21. Re2 Ra5 22. Qc3 Rb5 23. Qc2 Ra8 24. Nxc6 bxc6 25. Qxc6 Rc8 26. Bxd6 Rxc6 27. Rxc6 h6 0-1


[Site "https://www.chess.com"]

[Event "Titled Tuesday Blitz August 15 Early 2023"]
[White "Sydoryka, Vladyslav"]
[Black "Bazilius, Augustinas"]
[WhiteFideId "14145928"]
[BlackFideId "12832251"]
[WhiteElo "2616"]
[BlackElo "2454"]
[Result "1/2-1/2"]
[Round "6"]
[TimeControl "180+1"]
[Date "2023.08.15"]
[WhiteClock "0:00:40"]
[BlackClock "0:00:17"]
[Board "78"]

1. c4 Nf6 2. g3 c5 3. Bg2 d5 4. cxd5 Nxd5 5. Nc3 Nc7 6. Qa4+ Nd7 7. Nf3 a6 8. Qc2 b5 9. d4 Bb7 10. dxc5 Nxc5 11. Nxb5 Nxb5 12. Qxc5 e6 13. Qc2 Rc8 14. Qa4 Be7 15. O-O O-O 16. Rd1 Qb6 17. Be3 Bc5 18. Bxc5 Rxc5 19. Rac1 Rfc8 20. Rxc5 Qxc5 21. h4 h5 22. Qf4 Qc2 23. Rd7 Qc1+ 24. Qxc1 Rxc1+ 25. Kh2 Bxf3 26. Bxf3 g6 27. Rd8+ Kg7 28. Ra8 Nd4 29. Rxa6 Nxf3+ 30. exf3 Rc2 31. b4 Rxf2+ 32. Kh3 Rb2 33. a3 Kf6 34. Ra5 Rb3 35. f4 Rb2 36. b5 Kf5 37. b6+ Ke4 38. Ra6 Kf3 39. a4 Rb1 40. Kh2 Rb2+ 41. Kh3 Rb1 42. Kh2 Rb2+ 43. Kh3 1/2-1/2


[Site "https://www.chess.com"]

[Event "Titled Tuesday Blitz August 15 Early 2023"]
[White "dr_tatiana"]
[Black "SmirnovAlexandrA"]
[WhiteElo "2454"]
[BlackElo "2615"]
[Result "0-1"]
[Round "6"]
[TimeControl "180+1"]
[Date "2023.08.15"]
[WhiteClock "0:00:00"]
[BlackClock "0:00:09"]
[Board "79"]

1. e4 d5 2. exd5 Qxd5 3. Nc3 Qd6 4. d4 Nf6 5. Nf3 a6 6. g3 Bg4 7. Bg2 Nc6 8. Bf4 Qb4 9. O-O O-O-O 10. a3 Qc4 11. h3 Bxf3 12. Qxf3 Rxd4 13. b3 Qc5 14. b4 Qc4 15. b5 axb5 16. Rab1 e6 17. Nxb5 Nd5 18. Nxd4 Nxd4 19. Qe4 Ne2+ 20. Kh1 Qxe4 21. Bxe4 Nec3 22. Rbe1 Nxf4 23. gxf4 g6 24. Re3 Bg7 25. Bg2 c6 26. Rd3 Kc7 27. Re1 Ra8 28. Rg3 Rxa3 29. f5 Kd6 30. fxe6 fxe6 31. h4 Ra5 32. Rd3+ Ke7 33. Bh3 Re5 34. Ree3 Rxe3 35. Rxe3 Nd5 36. Rxe6+ Kf7 37. Rd6 Nf6 38. Bg2 Bf8 39. Rd8 Bc5 40. Rb8 Bxf2 41. Rxb7+ Kg8 42. h5 Nxh5 43. Bxc6 Nf4 44. Be4 h5 45. c4 g5 0-1


[Site "https://www.chess.com"]

[Event "Titled Tuesday Blitz August 15 Early 2023"]
[White "Huschenbeth, Niclas"]
[Black "WindWhistler11"]
[WhiteFideId "24604747"]
[WhiteElo "2612"]
[BlackElo "2446"]
[Result "1-0"]
[Round "6"]
[TimeControl "180+1"]
[Date "2023.08.15"]
[WhiteClock "0:00:21"]
[BlackClock "0:00:02"]
[Board "80"]

1. e4 e6 2. d4 d5 3. Nc3 Bb4 4. e5 Ne7 5. a3 Bxc3+ 6. bxc3 c5 7. Qg4 Nf5 8. Bd3 h5 9. Qh3 Qa5 10. Bd2 c4 11. Bxf5 exf5 12. Qg3 Rg8 13. Nh3 Qa4 14. Ra2 Be6 15. Nf4 Nc6 16. Nxe6 fxe6 17. Qg6+ Kd7 18. Qf7+ Ne7 19. Bg5 Rge8 20. Qxg7 Qa5 21. Kd2 Rac8 22. h4 b5 23. Rh3 Qb6 24. Rg3 Rc7 25. Qf7 Qc6 26. Bf6 Kc8 27. Rg7 f4 28. Qxh5 Nf5 29. Rxc7+ Kxc7 30. Qf7+ Kb6 31. Ra1 Qc8 32. a4 b4 33. Rb1 a5 34. cxb4 c3+ 35. Ke1 Ka6 36. bxa5 Kxa5 37. Qa7+ Qa6 38. Qc5+ Kxa4 39. Qb4# 1-0


[Site "https://www.chess.com"]

[Event "Titled Tuesday Blitz August 15 Early 2023"]
[White "Bueno, Alfeu Junior Varela"]
[Black "Papayan, Oleg"]
[WhiteFideId "2108879"]
[BlackFideId "4193911"]
[WhiteElo "2445"]
[BlackElo "2607"]
[Result "0-1"]
[Round "6"]
[TimeControl "180+1"]
[Date "2023.08.15"]
[WhiteClock "0:00:01"]
[BlackClock "0:00:03"]
[Board "81"]

1. e4 d5 2. exd5 Qxd5 3. Nc3 Qd8 4. d4 c6 5. Bc4 Bf5 6. Nf3 e6 7. Qe2 Nf6 8. Ne5 Qxd4 9. Bd2 Bd6 10. Nf3 Qb6 11. O-O-O Qc7 12. Nh4 O-O 13. Nxf5 exf5 14. Qf3 g6 15. h3 Nbd7 16. g4 Ne5 17. Qe2 Nxc4 18. Qxc4 f4 19. g5 Nh5 20. Ne4 Be5 21. Bc3 Rad8 22. Rd3 Rxd3 23. Qxd3 Re8 24. Re1 Bxc3 25. Qxc3 Re6 26. f3 Qe7 27. b3 f5 28. gxf6 Nxf6 29. Qc4 Nxe4 30. Rxe4 Kf7 31. Rxf4+ Kg7 32. Qd4+ Rf6 33. Kd2 g5 34. Rxf6 Qxf6 35. Qxf6+ Kxf6 36. Ke3 Kf5 37. c4 c5 38. a3 a5 39. a4 b6 40. Kf2 Kf4 41. Kg2 h5 42. Kf2 h4 43. Kg2 Ke3 0-1


[Site "https://www.chess.com"]

[Event "Titled Tuesday Blitz August 15 Early 2023"]
[White "Chyngyz, Sultai"]
[Black "Vlassov, Nikolai"]
[WhiteFideId "13803158"]
[BlackFideId "4103360"]
[WhiteElo "2432"]
[BlackElo "2607"]
[Result "0-1"]
[Round "6"]
[TimeControl "180+1"]
[Date "2023.08.15"]
[WhiteClock "0:00:00"]
[BlackClock "0:01:37"]
[Board "82"]

1. e4 Nc6 2. Nf3 d5 3. exd5 Qxd5 4. Nc3 Qa5 5. d4 Bg4 6. Be2 O-O-O 7. Be3 Nf6 8. h3 Bxf3 9. Bxf3 Nxd4 10. Bxd4 Qb4 11. O-O Rxd4 12. Qe2 e6 13. a3 Qb6 14. Rad1 Be7 15. Rxd4 Qxd4 16. Nb5 Qb6 17. a4 Rd8 18. Ra1 a6 19. c4 axb5 20. a5 Qd4 21. cxb5 Bc5 22. a6 bxa6 23. Rxa6 Nd5 24. b6 Bxb6 25. Kh1 Qxf2 26. Qd1 Kb7 27. Ra1 Qd4 0-1


[Site "https://www.chess.com"]

[Event "Titled Tuesday Blitz August 15 Early 2023"]
[White "Ibadov, Dashgyn"]
[Black "KorolDimitriy75"]
[WhiteFideId "24107514"]
[WhiteElo "2605"]
[BlackElo "2429"]
[Result "1-0"]
[Round "6"]
[TimeControl "180+1"]
[Date "2023.08.15"]
[WhiteClock "0:01:41"]
[BlackClock "0:00:00"]
[Board "83"]

1. e4 c5 2. Nf3 d6 3. d4 cxd4 4. Nxd4 Nf6 5. Nc3 g6 6. Be3 Bg7 7. f3 O-O 8. Qd2 Nc6 9. O-O-O d5 10. Nxc6 bxc6 11. Bc4 e6 12. Bb3 Qc7 13. h4 Rd8 14. Bf4 e5 15. Bh6 Be6 16. Bxg7 Kxg7 17. h5 d4 18. hxg6 dxc3 19. Qh6+ Kh8 20. g7+ Kg8 21. Qxf6 cxb2+ 22. Kb1 Bxb3 23. axb3 Qa5 24. Kxb2 Qc5 25. Qh6 1-0


[Site "https://www.chess.com"]

[Event "Titled Tuesday Blitz August 15 Early 2023"]
[White "Budrewicz, Krzysztof"]
[Black "Kozelov, Roman"]
[WhiteFideId "1127950"]
[BlackFideId "14133377"]
[WhiteElo "2602"]
[BlackElo "2401"]
[Result "0-1"]
[Round "6"]
[TimeControl "180+1"]
[Date "2023.08.15"]
[WhiteClock "0:00:29"]
[BlackClock "0:00:59"]
[Board "84"]

1. d4 Nf6 2. c4 e6 3. a3 b6 4. Nc3 Bb7 5. Nf3 Be7 6. g3 O-O 7. Bg2 d5 8. O-O dxc4 9. Bf4 Nbd7 10. Rc1 c5 11. Nb5 cxd4 12. Nfxd4 Bxg2 13. Kxg2 Nc5 14. Nc6 Qe8 15. Nxe7+ Qxe7 16. Bd6 Qb7+ 17. f3 Rfd8 18. Qc2 a6 19. Bxc5 axb5 20. Bf2 Rd7 21. Rfd1 Rad8 22. Rxd7 Rxd7 23. Rd1 h6 24. Rxd7 Nxd7 25. Qd2 Qc6 26. Qd4 Nc5 27. h4 Qd5 28. Qf4 Na4 29. Bd4 f6 30. Bc3 e5 31. Qe3 Qc5 32. Qd2 Nxc3 33. Qxc3 Qd4 34. Qb4 Qc5 35. Qd2 Qd4 36. Qb4 Qe3 37. Kf1 Qc5 38. Qd2 Qd4 39. Qb4 Qd5 40. Qe7 Qd1+ 41. Kf2 Qd4+ 42. Kf1 Qxb2 43. Qe8+ Kh7 44. h5 Qb1+ 45. Kf2 Qc2 46. Qxb5 c3 47. Qxb6 Qd2 48. Qb7 Qd4+ 49. Kg2 Qc4 50. Qd7 c2 51. Qe8 c1=Q 52. Qg6+ Kh8 0-1


[Site "https://www.chess.com"]

[Event "Titled Tuesday Blitz August 15 Early 2023"]
[White "Smiechu"]
[Black "Manukyan, Sargis A."]
[BlackFideId "13303970"]
[WhiteElo "2399"]
[BlackElo "2599"]
[Result "1/2-1/2"]
[Round "6"]
[TimeControl "180+1"]
[Date "2023.08.15"]
[WhiteClock "0:00:08"]
[BlackClock "0:00:06"]
[Board "85"]

1. e4 c5 2. Nf3 d6 3. d4 cxd4 4. Nxd4 Nf6 5. Nc3 g6 6. Be3 Bg7 7. f3 O-O 8. Qd2 Nc6 9. Bc4 Bd7 10. h4 Rc8 11. Bb3 Nxd4 12. Bxd4 b5 13. h5 a5 14. hxg6 hxg6 15. g4 a4 16. Qh2 Re8 17. Bd5 e6 18. O-O-O Rxc3 19. Bxc3 exd5 20. Rxd5 b4 21. Bd4 Be6 22. Rxd6 Qc8 23. g5 Nh5 24. Bxg7 Kxg7 25. Qe5+ Kg8 26. Rhd1 b3 27. axb3 axb3 28. c3 Qa8 29. Kd2 Qa2 30. Ke1 Bd7 31. Qd4 Bb5 32. c4 Qa5+ 33. Kf2 Ba4 34. Rd5 Qc7 35. Rd7 Qh2+ 36. Ke3 Nf4 37. Qd2 Ng2+ 38. Kf2 Bxd7 39. Qxd7 Re6 40. Qd8+ Kg7 41. Qd4+ Kh7 42. Qd7 Nf4+ 43. Ke3 Ng2+ 44. Kf2 Nh4+ 45. Ke3 Kg7 46. Qd4+ Qe5 47. Qxe5+ Rxe5 48. f4 Rc5 49. Kd4 Rc7 50. Rd3 Ng2 51. Rxb3 Nxf4 52. Rf3 Ne6+ 53. Kd3 Nxg5 54. Re3 Ne6 55. b4 g5 56. b5 Kf6 57. e5+ Kf5 58. Kc3 Kf4 59. Re1 g4 60. Kb4 g3 61. b6 Rc8 62. Kb5 g2 63. b7 Rb8 64. Kb6 Kf3 65. Ka7 Rd8 66. b8=Q Rxb8 67. Kxb8 Kf2 68. Rd1 g1=Q 69. Rxg1 Kxg1 70. Kc8 Kf2 71. Kd7 Ke3 72. Ke7 Ng5 73. Kf6 Kf4 74. c5 Ne4+ 75. Kxf7 Nxc5 76. e6 Nxe6 1/2-1/2


[Site "https://www.chess.com"]

[Event "Titled Tuesday Blitz August 15 Early 2023"]
[White "Milosevic, Milos"]
[Black "Vasques, Antonio Pedro Freixial"]
[WhiteFideId "964875"]
[BlackFideId "1908332"]
[WhiteElo "2598"]
[BlackElo "2370"]
[Result "1-0"]
[Round "6"]
[TimeControl "180+1"]
[Date "2023.08.15"]
[WhiteClock "0:00:22"]
[BlackClock "0:00:14"]
[Board "86"]

1. e4 c5 2. Nf3 Nc6 3. Bb5 g6 4. Bxc6 dxc6 5. O-O Bg7 6. d3 Nf6 7. Nc3 Bg4 8. h3 Bxf3 9. Qxf3 Nd7 10. Be3 e5 11. a3 Qe7 12. b4 cxb4 13. axb4 Qxb4 14. Ne2 b6 15. Rfb1 Qd6 16. Bxb6 Nxb6 17. Rxb6 Qc5 18. Qe3 Qxe3 19. fxe3 O-O 20. Rxc6 Bh6 21. Kf2 f5 22. Kf3 fxe4+ 23. Kxe4 Rf2 24. Nc3 Rxc2 25. Nd5 Rxc6 26. Ne7+ Kf7 27. Nxc6 a6 28. Nxe5+ Ke6 29. Rc1 a5 30. d4 a4 31. Rc7 Kd6 32. Rd7+ Ke6 33. d5+ Kf6 34. Rf7+ Kg5 35. Nf3+ Kh5 36. g4# 1-0


[Site "https://www.chess.com"]

[Event "Titled Tuesday Blitz August 15 Early 2023"]
[White "Lopez Gracia, Fernando"]
[Black "Lana Rodriguez, David"]
[WhiteFideId "2207184"]
[BlackFideId "2270803"]
[WhiteElo "2358"]
[BlackElo "2594"]
[Result "0-1"]
[Round "6"]
[TimeControl "180+1"]
[Date "2023.08.15"]
[WhiteClock "0:00:02"]
[BlackClock "0:00:12"]
[Board "87"]

1. e4 e6 2. d3 b6 3. f4 Bb7 4. Nf3 d5 5. Nbd2 dxe4 6. dxe4 Nf6 7. e5 Nd5 8. Ne4 Nb4 9. Qxd8+ Kxd8 10. Bd3 Nxd3+ 11. cxd3 Nd7 12. Be3 Bb4+ 13. Kf2 Bxe4 14. dxe4 Bc5 15. Rhd1 Ke7 16. Rac1 Rhd8 17. b4 Bxe3+ 18. Kxe3 c5 19. Rd6 Rac8 20. b5 h6 21. a4 f6 22. Rcd1 Nf8 23. exf6+ gxf6 24. e5 Rxd6 25. Rxd6 Nd7 26. Ke4 Rd8 27. Nd2 fxe5 28. fxe5 Nf6+ 29. exf6+ Kxd6 30. Nc4+ Kd7 31. Ne5+ Ke8 32. f7+ Kf8 33. g4 Rd4+ 34. Kf3 Rxa4 35. h4 Ra1 36. g5 hxg5 37. hxg5 Re1 38. Kf4 Kg7 39. g6 Rf1+ 40. Ke4 Re1+ 41. Kf4 Rb1 42. Nd7 Rf1+ 43. Ke5 Re1+ 44. Kd6 Rd1+ 45. Kxe6 Re1+ 46. Kd6 Rd1+ 47. Kc6 Rf1 48. Kb7 c4 49. Kxa7 c3 50. Ne5 c2 51. Nd3 Rf3 52. Nc1 Rf1 53. Nd3 Rd1 54. Nf2 Ra1+ 55. Kxb6 c1=Q 56. Nd3 Qe3+ 57. Nc5 Rc1 58. Kb7 Qxc5 59. b6 Qc6+ 60. Kb8 Qc8+ 61. Ka7 Ra1# 0-1


[Site "https://www.chess.com"]

[Event "Titled Tuesday Blitz August 15 Early 2023"]
[White "Chor, Kevin"]
[Black "Akylbek2021"]
[WhiteFideId "2090740"]
[WhiteElo "2593"]
[BlackElo "2349"]
[Result "0-1"]
[Round "6"]
[TimeControl "180+1"]
[Date "2023.08.15"]
[WhiteClock "0:00:10"]
[BlackClock "0:01:41"]
[Board "88"]

1. e4 c5 2. Nf3 Nc6 3. d4 cxd4 4. Nxd4 g6 5. Nc3 Bg7 6. Be3 Nf6 7. Bc4 O-O 8. Bb3 Re8 9. O-O d6 10. h3 Na5 11. Qe2 b6 12. Bd5 Nxd5 13. exd5 Bb7 14. b4 Rc8 15. Ncb5 Nc4 16. Nxa7 Bxd5 17. Nxc8 Qxc8 18. Rad1 Qb7 19. Nf3 Nb2 20. Rb1 Bc4 21. Qd2 Bxf1 22. Rxf1 Nc4 23. Qd3 Rc8 24. Bd4 e5 25. Bc3 e4 0-1


[Site "https://www.chess.com"]